Sewer Rats vs Atomiques

Created - March 5, 2019 at 22:04

Goals
1 2 3 T
Sewer Rats 2 3 4 9
Atomiques 0 2 3 5
Shots
1 2 3 T
Sewer Rats 12 15 10 37
Atomiques 9 5 17 31

1st period

1. Sewer Rats , Daniel Carr 14 (Matt Lashoff 29, Steven Kampfer 30) at 2:41 (PP)
2. Sewer Rats , Jonathan Marchessault 18 (Erik Condra 12) at 19:40

Penalties :
Eric Gustafsson (STB) for Interference (Minor) at 2:38, Jacob De La Rose (STB) for Interference (Minor) at 13:18

2nd period

3. Sewer Rats , Daniel Carr 15 (Mark Mancari 38) at 2:35
4. Sewer Rats , Mark Mancari 36 (Matt Lashoff 30, Steven Kampfer 31) at 7:58
5. Atomiques , Bobby Farnham 12 (Eric Gustafsson 3) at 8:44
6. Sewer Rats , Steven Kampfer 8 (Matt Lashoff 31, Marek Mazanek) at 10:39
7. Atomiques , Dwight King 28 (Rickard Rakell 39, Ryan Shannon 45) at 17:36 (PP)

Penalties :
Mark Mancari (Tol) for Tripping (Minor) at 17:30, Tyler Brenner (STB) for Holding (Minor) at 17:47

3rd period

8. Sewer Rats , Mark Mancari 37 (Daniel Carr 25) at 3:01 (PP)
9. Atomiques , Dwight King 29 (Rasmus Ristolainen 62, Rickard Rakell 40) at 8:41 (PP)
10. Sewer Rats , Vincent Trocheck 19 (Matt Lashoff 32, Steven Kampfer 32) at 8:46
11. Sewer Rats , Daniel Carr 16 (Vincent Trocheck 32, Steven Kampfer 33) at 8:54
12. Atomiques , Dwight King 30 (Rasmus Ristolainen 63, Matt Tennyson 28) at 18:29
13. Sewer Rats , Matt Lashoff 6 (Steven Kampfer 34) at 18:44
14. Atomiques , Jack Skille 27 (Rickard Rakell 41, Wiley Sherman 15) at 19:38 (PP)

Penalties :
Ryan Shannon (STB) for High sticking (Minor) at 1:02, Ryan Murphy (Tol) for Roughing (Minor) at 5:52, Daniel Carr (Tol) for Hooking (Minor) at 8:35, Daniel Carr (Tol) for High sticking (Minor) at 9:16, Brock McGinn (STB) for Interference (Minor) at 13:26, Dalton Smith (STB) for Holding (Minor) at 17:28, Joel Edmundson (Tol) for Cross-checking (Minor) at 18:19

Goalie Stats

Marek Mazanek (Tol), 26 saves from 31 shots - (0.839), W, 36-5-5, 60:00 minutes
Jeff Frazee (STB), 12 saves from 16 shots - (0.750), L, 5-8-2, 20:56 minutes
Jake Allen (STB), 16 saves from 21 shots - (0.762), 39:04 minutes

Players Stats for Sewer Rats

Player Name              G  A  P  +/- PIM S  H  SB GA TA FO     MP     PP MP  PK MP  
------------------------------------------------------------------------------------
Anthony Duclair          0  0  0   0  0   0  1  0  0  0  0/1    11:25   0:00   0:15 
Connor Carrick           0  0  0   2  0   0  0  0  0  0  0/0     4:51   0:00   0:00 
Daniel Carr              3  1  4   4  4   6  1  1  1  0  2/2    21:52   5:20   0:19 
Dmitrij Jaskin           0  0  0   0  0   0  1  1  1  0  0/0     6:16   0:00   0:00 
Erik Condra              0  1  1   1  0   1  3  1  1  0  0/1    20:25   3:30   3:01 
Jarred Tinordi           0  0  0   0  0   0  0  2  0  0  0/0    18:07   3:02   1:13 
Joel Edmundson           0  0  0   0  2   1  1  0  0  3  0/0    17:59   3:01   1:06 
John Ramage              0  0  0  -1  0   1  0  1  0  0  0/0     9:52   0:00   0:07 
Jonathan Marchessault    1  0  1   1  0   4  4  0  0  1  7/11   16:16   3:30   0:00 
Joseph Blandisi          0  0  0   1  0   1  1  0  1  0  0/0    17:29   3:30   0:46 
Mark Mancari             2  1  3   2  2   5  3  1  1  1  2/4    21:18   3:37   0:44 
Martin Frk               0  0  0   0  0   3  2  1  1  0  0/0    12:46   0:18   0:01 
Matt Lashoff             1  4  5   4  0   1  2  3  0  1  0/0    27:17   5:48   3:08 
Nick Cousins             0  0  0   0  0   0  0  1  0  0  4/10    8:35   0:00   1:59 
Ryan Murphy              0  0  0  -1  2   0  0  1  0  0  0/0     9:44   0:00   0:00 
Steven Kampfer           1  5  6   4  0   5  1  5  2  0  0/0    27:17   5:48   3:08 
Vincent Trocheck         1  1  2   4  0   5  1  1  2  0  25/41  22:15   5:20   1:12 
William Karlsson         0  0  0   2  0   4  0  0  2  1  5/10   15:51   1:25   0:25 
Xavier Ouellet           0  0  0   2  0   0  0  1  0  0  0/0     4:51   0:00   0:00 

Players Stats for Atomiques

Player Name              G  A  P  +/- PIM S  H  SB GA TA FO     MP     PP MP  PK MP  
------------------------------------------------------------------------------------
Anthony Nigro            0  0  0   0  0   0  1  0  0  0  3/6     9:24   0:00   0:00 
Bobby Farnham            1  0  1   1  0   2  2  0  0  0  0/0     6:38   0:00   0:00 
Brock McGinn             0  0  0   0  2   0  2  0  0  0  0/0     9:23   0:00   0:00 
Carl Dahlstrom           0  0  0   0  0   0  0  0  0  0  0/0     3:47   0:00   0:00 
Colby Cohen              0  0  0   0  0   1  0  3  0  0  0/0    19:52   1:52   3:44 
Corey Tropp              0  0  0   0  0   2  1  0  0  1  0/0     9:24   0:00   0:00 
Dalton Smith             0  0  0   1  2   0  0  0  2  0  0/0     6:48   0:11   0:00 
Dwight King              3  0  3  -5  0   7  2  0  3  0  4/13   24:46   2:40   5:10 
Eric Gustafsson          0  1  1   0  2   0  0  0  0  1  0/0     9:59   0:00   0:00 
Eric Mestery             0  0  0   0  0   0  0  0  0  0  0/0     0:00   0:00   0:00 
Jack Skille              1  0  1  -1  0   2  1  1  0  1  1/1    16:35   1:41   1:58 
Jacob De La Rose         0  0  0   1  2   0  0  0  0  0  1/5     7:19   0:00   0:00 
John Draeger             0  0  0   0  0   1  0  0  0  1  0/0    10:00   0:00   0:00 
Joseph Cramarossa        0  0  0   0  0   0  0  0  0  0  0/0     0:00   0:00   0:00 
Kenndal McArdle          0  0  0  -1  0   2  1  1  0  1  0/0    14:58   1:30   0:34 
Lucas Wallmark           0  0  0   0  0   0  0  0  0  0  0/0     0:09   0:00   0:09 
Matt Tennyson            0  1  1  -5  0   1  0  2  0  4  0/0    30:08   2:29   5:06 
Max McCormick            0  0  0   0  0   0  0  0  0  0  0/0     2:29   0:00   1:34 
Mike Halmo               0  0  0   0  0   0  0  0  0  0  0/0     1:18   0:00   1:18 
Mitch Callahan           0  0  0   0  0   0  0  0  0  0  0/0     0:12   0:00   0:00 
Rasmus Ristolainen       0  2  2  -5  0   2  2  1  1  1  0/0    26:21   2:29   5:06 
Rickard Rakell           0  3  3  -5  0   5  2  0  0  0  19/36  21:25   2:51   2:42 
Ryan Shannon             0  1  1  -5  2   4  3  1  0  0  0/1    24:33   2:40   4:15 
Tyler Brenner            0  0  0  -1  2   1  1  0  1  0  7/18   14:36   1:30   0:00 
Wiley Sherman            0  1  1   0  0   1  0  0  0  2  0/0    19:52   1:52   3:44 

3 Stars

1 - Steven Kampfer (Tol)
2 - Matt Lashoff (Tol)
3 - Daniel Carr (Tol)

Power Play

Sewer Rats - 2 on 6 Attempt(s) - 33.33%
Atomiques - 3 on 5 Attempt(s) - 60.00%

Penalty Kill

Sewer Rats - 2 on 5 Attempt(s) - 40.00% - Score 0 goal in Penalty Kill
Atomiques - 4 on 6 Attempt(s) - 66.67% - Score 0 goal in Penalty Kill

Team Stat

Sewer Rats - Hits : 21 - Faceoff Wins : 45 - Blocked Shots : 20 - Penalty Minutes : 10
Atomiques - Hits : 18 - Faceoff Wins : 35 - Blocked Shots : 9 - Penalty Minutes : 12

Official

Referees : Unknown
Linesman : Unknown

Game Notes

Jeff Frazee enters game at 7:58 of 2nd period
Mark Mancari is injured at 6:36 of 3rd period (Right Hand)
Daniel Carr has scored a Hat Trick!
Jake Allen enters game at 8:54 of 3rd period
Dwight King has scored a Hat Trick!

Finance

Level 1 -- Attendance: 1576 (78.80%) -- Ticket Income $63,040
Level 2 -- Attendance: 704 (70.40%) -- Ticket Income $14,080
Total Attendance: 2280 (76.00%)
Total Ticket Income: $77,120
Other Income: $3,856
Total Income: $80,976

Sewer Rats

5 vs 5 Forward 
   Center                   Left Wing                Right Wing               Time % Phy DF OF 
 1 Vincent Trocheck         Daniel Carr              Mark Mancari             40     1   2  2  
 2 Jonathan Marchessault    Joseph Blandisi          Erik Condra              30     1   2  2  
 3 William Karlsson         Anthony Duclair          Martin Frk               20     1   2  2  
 4 Nick Cousins             Mark Mancari             Dmitrij Jaskin           10     1   2  2  

5 vs 5 Defense 
   Defense                  Defense                                           Time % Phy DF OF 
 1 Matt Lashoff             Steven Kampfer                                    40     1   2  2  
 2 Jarred Tinordi           Joel Edmundson                                    30     1   2  2  
 3 Ryan Murphy              John Ramage                                       20     1   2  2  
 4 Connor Carrick           Xavier Ouellet                                    10     1   2  2  

PowerPlay Forward 
   Center                   Left Wing                Right Wing               Time % Phy DF OF 
 1 Vincent Trocheck         Daniel Carr              Mark Mancari             60     1   2  2  
 2 Jonathan Marchessault    Joseph Blandisi          Erik Condra              40     1   2  2  

PowerPlay Defense
   Defense                  Defense                                           Time % Phy DF OF 
 1 Matt Lashoff             Steven Kampfer                                    60     1   2  2  
 2 Jarred Tinordi           Joel Edmundson                                    40     1   2  2  

Penalty Kill 4 Players Forward 
   Center                   Wing                     Time % Phy DF OF 
 1 Mark Mancari             Erik Condra              60     1   2  2  
 2 Vincent Trocheck         Jonathan Marchessault    40     1   2  2  

Penalty Kill 4 Players Defense
   Defense                  Defense                  Time % Phy DF OF 
 1 Matt Lashoff             Steven Kampfer           60     1   2  2  
 2 Jarred Tinordi           Joel Edmundson           40     1   2  2  

Penalty Kill - 3 Players Forward 
   Forward                                           Time % Phy DF OF 
 1 Mark Mancari                                      60     1   2  2  
 2 Erik Condra                                       40     1   2  2  

Penalty Kill - 3 Players Defense
   Defense                  Defense                  Time % Phy DF OF 
 1 Matt Lashoff             Steven Kampfer           60     1   2  2  
 2 Jarred Tinordi           Joel Edmundson           40     1   2  2  

4 vs 4 Forward 
   Center                   Wing                     Time % Phy DF OF 
 1 Mark Mancari             Erik Condra              60     1   2  2  
 2 Vincent Trocheck         Jonathan Marchessault    40     1   2  2  

4 vs 4 Defense
   Defense                  Defense                  Time % Phy DF OF 
 1 Matt Lashoff             Steven Kampfer           60     1   2  2  
 2 Jarred Tinordi           Joel Edmundson           40     1   2  2  

Last Minutes Offensive
   Center                   Left Wing                Right Wing               Defense                  Defense                  
   Vincent Trocheck         Daniel Carr              Mark Mancari             Matt Lashoff             Steven Kampfer           

Last Minutes Defensive
   Center                   Left Wing                Right Wing               Defense                  Defense                  
   Vincent Trocheck         Daniel Carr              Mark Mancari             Matt Lashoff             Steven Kampfer           

Goaltenders
Starting : Marek Mazanek            
Backup : Antoine Bibeau           

Extra Forwards
Normal : William Karlsson, Martin Frk, Nick Cousins - PP : William Karlsson, Martin Frk - PK : Nick Cousins
Extra Defensemen
Normal : Ryan Murphy, John Ramage, Connor Carrick - PP : Ryan Murphy - PK : John Ramage, Connor Carrick
Penalty Shots
Mark Mancari, Erik Condra, Vincent Trocheck, Jonathan Marchessault, Daniel Carr

Scratches
Dominik Kubalik (Healthy), Tomas Tatar (Separated Right Shoulder Injury), Josh Archibald (Healthy), Jonathan Racine (Healthy), Tyler Motte (Healthy)
Chris Calhan (Healthy), Sergei Kostenko (Healthy)

Atomiques

5 vs 5 Forward 
   Center                   Left Wing                Right Wing               Time % Phy DF OF 
 1 Rickard Rakell           Dwight King              Ryan Shannon             40     1   2  2  
 2 Tyler Brenner            Kenndal McArdle          Jack Skille              30     1   2  2  
 3 Anthony Nigro            Brock McGinn             Corey Tropp              20     1   2  2  
 4 Jacob De La Rose         Dalton Smith             Bobby Farnham            10     1   2  2  

5 vs 5 Defense 
   Defense                  Defense                                           Time % Phy DF OF 
 1 Matt Tennyson            Rasmus Ristolainen                                40     1   2  2  
 2 Colby Cohen              Wiley Sherman                                     30     1   2  2  
 3 John Draeger             Eric Gustafsson                                   20     1   2  2  
 4 Carl Dahlstrom           Matt Tennyson                                     10     1   2  2  

PowerPlay Forward 
   Center                   Left Wing                Right Wing               Time % Phy DF OF 
 1 Rickard Rakell           Dwight King              Ryan Shannon             60     1   2  2  
 2 Tyler Brenner            Kenndal McArdle          Jack Skille              40     1   2  2  

PowerPlay Defense
   Defense                  Defense                                           Time % Phy DF OF 
 1 Matt Tennyson            Rasmus Ristolainen                                60     1   2  2  
 2 Colby Cohen              Wiley Sherman                                     40     1   2  2  

Penalty Kill 4 Players Forward 
   Center                   Wing                     Time % Phy DF OF 
 1 Dwight King              Ryan Shannon             60     1   2  2  
 2 Rickard Rakell           Jack Skille              40     1   2  2  

Penalty Kill 4 Players Defense
   Defense                  Defense                  Time % Phy DF OF 
 1 Matt Tennyson            Rasmus Ristolainen       60     1   2  2  
 2 Colby Cohen              Wiley Sherman            40     1   2  2  

Penalty Kill - 3 Players Forward 
   Forward                                           Time % Phy DF OF 
 1 Dwight King                                       60     1   2  2  
 2 Ryan Shannon                                      40     1   2  2  

Penalty Kill - 3 Players Defense
   Defense                  Defense                  Time % Phy DF OF 
 1 Matt Tennyson            Rasmus Ristolainen       60     1   2  2  
 2 Colby Cohen              Wiley Sherman            40     1   2  2  

4 vs 4 Forward 
   Center                   Wing                     Time % Phy DF OF 
 1 Dwight King              Ryan Shannon             60     1   2  2  
 2 Rickard Rakell           Jack Skille              40     1   2  2  

4 vs 4 Defense
   Defense                  Defense                  Time % Phy DF OF 
 1 Matt Tennyson            Rasmus Ristolainen       60     1   2  2  
 2 Colby Cohen              Wiley Sherman            40     1   2  2  

Last Minutes Offensive
   Center                   Left Wing                Right Wing               Defense                  Defense                  
   Rickard Rakell           Dwight King              Ryan Shannon             Matt Tennyson            Rasmus Ristolainen       

Last Minutes Defensive
   Center                   Left Wing                Right Wing               Defense                  Defense                  
   Rickard Rakell           Dwight King              Ryan Shannon             Matt Tennyson            Rasmus Ristolainen       

Goaltenders
Starting : Jake Allen               
Backup : Jeff Frazee              

Extra Forwards
Normal : Mitch Callahan, Mike Halmo, Max McCormick - PP : Mitch Callahan, Mike Halmo - PK : Max McCormick
Extra Defensemen
Normal : John Draeger, Eric Gustafsson, Carl Dahlstrom - PP : John Draeger - PK : Eric Gustafsson, Carl Dahlstrom
Penalty Shots
Dwight King, Ryan Shannon, Rickard Rakell, Jack Skille, Kenndal McArdle

Scratches
Francois Tremblay (Healthy)

% Time on Ice - Sewer Rats

Lines # - Real PCT - Wanted PCT - Time Play
Normal Forward
1 - 35% - 40% - 15:53
2 - 28% - 30% - 12:46
3 - 24% - 20% - 11:00
4 - 13% - 10% - 6:02
Normal Defense
1 - 38% - 40% - 17:13
2 - 30% - 30% - 13:52
3 - 21% - 20% - 9:45
4 - 11% - 10% - 4:51
PP Forward
1 - 60% - 60% - 5:20
2 - 40% - 40% - 3:30
PP Defense
1 - 66% - 60% - 5:48
2 - 34% - 40% - 3:02
PK Forward
1 - 100% - 60% - 4:21
2 - 0% - 40% - 0:00
PK Defense
1 - 72% - 60% - 3:08
2 - 28% - 40% - 1:13
PK3 Forward
1 - 0% - 60%
2 - 0% - 40%
PK3 Defense
1 - 0% - 60%
2 - 0% - 40%
44 Forward
1 - 100% - 60% - 1:08
2 - 0% - 40% - 0:00
44 Defense
1 - 100% - 60% - 1:08
2 - 0% - 40% - 0:00
Last Minute Offensive  - 0:00
Last Minute Defensive  - 0:00
Total
Forward - 60:00
Defense - 60:00

% Time on Ice - Atomiques

Lines # - Real PCT - Wanted PCT - Time Play
Normal Forward
1 - 37% - 40% - 16:45
2 - 28% - 30% - 12:54
3 - 21% - 20% - 9:24
4 - 15% - 10% - 6:38
Normal Defense
1 - 39% - 40% - 17:40
2 - 31% - 30% - 14:14
3 - 22% - 20% - 10:00
4 - 8% - 10% - 3:47
PP Forward
1 - 61% - 60% - 2:40
2 - 39% - 40% - 1:41
PP Defense
1 - 57% - 60% - 2:29
2 - 43% - 40% - 1:52
PK Forward
1 - 78% - 60% - 6:52
2 - 22% - 40% - 1:58
PK Defense
1 - 58% - 60% - 5:06
2 - 42% - 40% - 3:44
PK3 Forward
1 - 0% - 60%
2 - 0% - 40%
PK3 Defense
1 - 0% - 60%
2 - 0% - 40%
44 Forward
1 - 97% - 60% - 1:06
2 - 3% - 40% - 0:02
44 Defense
1 - 97% - 60% - 1:06
2 - 3% - 40% - 0:02
Last Minute Offensive  - 0:00
Last Minute Defensive  - 0:00
Total
Forward - 60:00
Defense - 60:00

Play-by-Play

1st period


0:01 of 1st period - Daniel Carr wins face-off versus Rickard Rakell in neutral zone.
0:51 of 1st period - Matt Lashoff is hit by Brock McGinn and loses puck.
1:37 of 1st period - Tyler Brenner is hit by Jonathan Marchessault and loses puck.
2:09 of 1st period - Wrist shot by Tyler Brenner.
2:09 of 1st period - Deflect By Kenndal McArdle.
2:09 of 1st period - Stopped by Marek Mazanek with a rebound.
2:38 of 1st period - Minor Penalty to Eric Gustafsson for Interference.
2:39 of 1st period - Vincent Trocheck wins face-off versus Ryan Shannon in Atomiques zone.
2:39 of 1st period - Slapshot by Steven Kampfer.
2:39 of 1st period - Shot Misses the Net.
2:41 of 1st period - Slapshot by Matt Lashoff.
2:41 of 1st period - Deflect By Daniel Carr.
2:41 of 1st period - Goal by Daniel Carr - Sewer Rats : 1 - Atomiques : 0.
2:42 of 1st period - Vincent Trocheck wins face-off versus Rickard Rakell in neutral zone.
2:51 of 1st period - Snap shot by Ryan Shannon.
2:51 of 1st period - Deflect By Dwight King.
2:51 of 1st period - Shot Blocked by Ryan Murphy.
2:51 of 1st period - Puck is out of play.
2:52 of 1st period - Rickard Rakell wins face-off versus Vincent Trocheck in Sewer Rats zone.
3:23 of 1st period - Snap shot by Vincent Trocheck.
3:23 of 1st period - Shot Misses the Net.
3:25 of 1st period - Snap shot by Vincent Trocheck.
3:25 of 1st period - Shot Misses the Net.
3:27 of 1st period - Snap shot by Mark Mancari.
3:27 of 1st period - Stopped by Jake Allen with a rebound.
3:29 of 1st period - Wrist shot by Vincent Trocheck.
3:29 of 1st period - Shot Misses the Net.
3:31 of 1st period - Slapshot by Daniel Carr.
3:31 of 1st period - Shot Hit the Post.
3:33 of 1st period - Slapshot by Vincent Trocheck.
3:33 of 1st period - Stopped by Jake Allen with a rebound.
3:35 of 1st period - Snap shot by John Ramage.
3:35 of 1st period - Deflect By Mark Mancari.
3:35 of 1st period - Shot Misses the Net.
3:35 of 1st period - Puck is out of play.
3:36 of 1st period - William Karlsson wins face-off versus Anthony Nigro in Atomiques zone.
3:40 of 1st period - Icing by Wiley Sherman.
3:41 of 1st period - Anthony Nigro wins face-off versus William Karlsson in Atomiques zone.
3:57 of 1st period - Off-side.
3:58 of 1st period - Vincent Trocheck wins face-off versus Jacob De La Rose in neutral zone.
4:15 of 1st period - Mark Mancari is hit by Bobby Farnham and loses puck.
4:41 of 1st period - Snap shot by Daniel Carr.
4:41 of 1st period - Stopped by Jake Allen without a rebound.
4:42 of 1st period - Anthony Nigro wins face-off versus William Karlsson in Atomiques zone.
4:47 of 1st period - Matt Lashoff is hit by Anthony Nigro and loses puck.
4:56 of 1st period - Snap shot by Brock McGinn.
4:56 of 1st period - Shot Blocked by Steven Kampfer.
5:36 of 1st period - Icing by Matt Tennyson.
5:37 of 1st period - Tyler Brenner wins face-off versus William Karlsson in Atomiques zone.
5:58 of 1st period - Wrist shot by Tyler Brenner.
5:58 of 1st period - Shot Blocked by John Ramage.
6:00 of 1st period - Slapshot by Matt Tennyson.
6:00 of 1st period - Deflect By Ryan Murphy.
6:00 of 1st period - Stopped by Marek Mazanek with a rebound.
6:02 of 1st period - Snap shot by Kenndal McArdle.
6:02 of 1st period - Shot Misses the Net.
6:04 of 1st period - Slapshot by Jack Skille.
6:04 of 1st period - Deflect By Tyler Brenner.
6:04 of 1st period - Shot Misses the Net.
6:04 of 1st period - Puck is out of play.
6:05 of 1st period - Rickard Rakell wins face-off versus Vincent Trocheck in Sewer Rats zone.
6:18 of 1st period - Snap shot by Vincent Trocheck.
6:18 of 1st period - Stopped by Jake Allen with a rebound.
6:20 of 1st period - Snap shot by Jarred Tinordi.
6:20 of 1st period - Shot Misses the Net.
6:30 of 1st period - Joel Edmundson is hit by Corey Tropp and loses puck.
6:34 of 1st period - Icing by Joel Edmundson.
6:35 of 1st period - Jonathan Marchessault wins face-off versus Anthony Nigro in Sewer Rats zone.
6:40 of 1st period - Matt Tennyson is hit by Erik Condra.
6:48 of 1st period - Slapshot by Brock McGinn.
6:48 of 1st period - Deflect By Corey Tropp.
6:48 of 1st period - Shot Blocked by Steven Kampfer.
6:48 of 1st period - Puck is out of play.
6:49 of 1st period - Vincent Trocheck wins face-off versus Rickard Rakell in Sewer Rats zone.
6:54 of 1st period - Slapshot by Steven Kampfer.
6:54 of 1st period - Stopped by Jake Allen with a rebound.
7:37 of 1st period - Wrist shot by Anthony Nigro.
7:37 of 1st period - Shot Misses the Net.
7:39 of 1st period - Backhand shot by Colby Cohen.
7:39 of 1st period - Deflect By Jonathan Marchessault.
7:39 of 1st period - Stopped by Marek Mazanek with a rebound.
7:50 of 1st period - Icing by Erik Condra.
7:51 of 1st period - Jonathan Marchessault wins face-off versus Tyler Brenner in Sewer Rats zone.
7:51 of 1st period - Jonathan Marchessault is hit by Kenndal McArdle.
8:03 of 1st period - Off-side.
8:04 of 1st period - Rickard Rakell wins face-off versus Vincent Trocheck in neutral zone.
8:07 of 1st period - Snap shot by Ryan Shannon.
8:07 of 1st period - Shot Misses the Net.
8:09 of 1st period - Slapshot by Rickard Rakell.
8:09 of 1st period - Deflect By Dwight King.
8:09 of 1st period - Stopped by Marek Mazanek with a rebound.
8:13 of 1st period - Wrist shot by Dwight King.
8:13 of 1st period - Shot Misses the Net.
8:15 of 1st period - Snap shot by Dwight King.
8:15 of 1st period - Stopped by Marek Mazanek without a rebound.
8:16 of 1st period - Nick Cousins wins face-off versus Rickard Rakell in Sewer Rats zone.
8:41 of 1st period - Matt Tennyson is hit by Steven Kampfer and loses puck.
8:48 of 1st period - Snap shot by William Karlsson.
8:48 of 1st period - Shot Blocked by Matt Tennyson.
8:50 of 1st period - Slapshot by Joel Edmundson.
8:50 of 1st period - Stopped by Jake Allen without a rebound.
8:51 of 1st period - Rickard Rakell wins face-off versus Vincent Trocheck in Atomiques zone.
9:04 of 1st period - Snap shot by Daniel Carr.
9:04 of 1st period - Shot Misses the Net.
10:26 of 1st period - Snap shot by Dwight King.
10:26 of 1st period - Shot Blocked by Matt Lashoff.
10:28 of 1st period - Snap shot by Rickard Rakell.
10:28 of 1st period - Shot Misses the Net.
10:32 of 1st period - Wrist shot by Ryan Shannon.
10:32 of 1st period - Stopped by Marek Mazanek with a rebound.
10:42 of 1st period - Jack Skille is hit by Jonathan Marchessault and loses puck.
10:57 of 1st period - Matt Tennyson is hit by Jonathan Marchessault and loses puck.
11:54 of 1st period - Wrist shot by Bobby Farnham.
11:54 of 1st period - Stopped by Marek Mazanek without a rebound.
11:55 of 1st period - Rickard Rakell wins face-off versus Vincent Trocheck in Sewer Rats zone.
12:02 of 1st period - Snap shot by William Karlsson.
12:02 of 1st period - Shot Blocked by Ryan Shannon.
12:22 of 1st period - Kenndal McArdle is hit by Mark Mancari and loses puck.
12:44 of 1st period - Slapshot by John Draeger.
12:44 of 1st period - Shot Blocked by Xavier Ouellet.
12:46 of 1st period - Slapshot by John Draeger.
12:46 of 1st period - Shot Misses the Net.
12:48 of 1st period - Slapshot by John Draeger.
12:48 of 1st period - Stopped by Marek Mazanek with a rebound.
13:06 of 1st period - Snap shot by Dalton Smith.
13:06 of 1st period - Shot Misses the Net.
13:18 of 1st period - Minor Penalty to Jacob De La Rose for Interference.
13:19 of 1st period - Vincent Trocheck wins face-off versus Dwight King in Atomiques zone.
13:32 of 1st period - Snap shot by Daniel Carr.
13:32 of 1st period - Stopped by Jake Allen without a rebound.
13:33 of 1st period - Vincent Trocheck wins face-off versus Dwight King in Atomiques zone.
15:18 of 1st period - Penalty to Jacob De La Rose is over, Jacob De La Rose is back on ice.
16:21 of 1st period - Erik Condra is hit by Brock McGinn and loses puck.
17:55 of 1st period - Matt Tennyson is hit by Daniel Carr and loses puck.
18:05 of 1st period - Icing by Kenndal McArdle.
18:06 of 1st period - William Karlsson wins face-off versus Anthony Nigro in Atomiques zone.
18:09 of 1st period - Snap shot by William Karlsson.
18:09 of 1st period - Stopped by Jake Allen with a rebound.
18:31 of 1st period - Slapshot by Matt Lashoff.
18:31 of 1st period - Shot Misses the Net.
18:35 of 1st period - Wrist shot by Erik Condra.
18:35 of 1st period - Stopped by Jake Allen with a rebound.
18:37 of 1st period - Snap shot by Jonathan Marchessault.
18:37 of 1st period - Shot Blocked by Jack Skille.
18:49 of 1st period - Mark Mancari is hit by Dwight King and loses puck.
18:56 of 1st period - Wrist shot by Dwight King.
18:56 of 1st period - Shot Misses the Net.
18:58 of 1st period - Snap shot by Rickard Rakell.
18:58 of 1st period - Stopped by Marek Mazanek with a rebound.
19:00 of 1st period - Snap shot by Dwight King.
19:00 of 1st period - Shot Blocked by Dmitrij Jaskin.
19:02 of 1st period - Slapshot by Wiley Sherman.
19:02 of 1st period - Shot Blocked by Jarred Tinordi.
19:34 of 1st period - Snap shot by Martin Frk.
19:34 of 1st period - Stopped by Jake Allen without a rebound.
19:35 of 1st period - Jonathan Marchessault wins face-off versus Rickard Rakell in Atomiques zone.
19:40 of 1st period - Wrist shot by Erik Condra.
19:40 of 1st period - Deflect By Jonathan Marchessault.
19:40 of 1st period - Goal by Jonathan Marchessault - Sewer Rats : 2 - Atomiques : 0.
19:41 of 1st period - Vincent Trocheck wins face-off versus Rickard Rakell in neutral zone.
Goals for this period are 2 for Sewer Rats vs 0 for Atomiques.
Shots for this period are 12 for Sewer Rats vs 9 for Atomiques.

2nd period


0:01 of 2nd period - Rickard Rakell wins face-off versus Vincent Trocheck in neutral zone.
0:26 of 2nd period - Matt Tennyson is hit by Matt Lashoff.
2:10 of 2nd period - Slapshot by Martin Frk.
2:10 of 2nd period - Shot Misses the Net.
2:13 of 2nd period - Icing by Colby Cohen.
2:14 of 2nd period - Rickard Rakell wins face-off versus William Karlsson in Atomiques zone.
2:25 of 2nd period - Snap shot by Martin Frk.
2:25 of 2nd period - Stopped by Jake Allen without a rebound.
2:26 of 2nd period - Vincent Trocheck wins face-off versus Tyler Brenner in Atomiques zone.
2:35 of 2nd period - Snap shot by Daniel Carr.
2:35 of 2nd period - Goal by Daniel Carr - Sewer Rats : 3 - Atomiques : 0.
2:36 of 2nd period - Rickard Rakell wins face-off versus Vincent Trocheck in neutral zone.
3:28 of 2nd period - Snap shot by Corey Tropp.
3:28 of 2nd period - Shot Blocked by Jarred Tinordi.
3:30 of 2nd period - Snap shot by Anthony Nigro.
3:30 of 2nd period - Deflect By William Karlsson.
3:30 of 2nd period - Shot Misses the Net.
3:30 of 2nd period - Puck is out of play.
3:31 of 2nd period - Vincent Trocheck wins face-off versus Rickard Rakell in Sewer Rats zone.
4:21 of 2nd period - Snap shot by Corey Tropp.
4:21 of 2nd period - Stopped by Marek Mazanek with a rebound.
4:23 of 2nd period - Wrist shot by Anthony Nigro.
4:23 of 2nd period - Deflect By Martin Frk.
4:23 of 2nd period - Shot Misses the Net.
4:23 of 2nd period - Puck is out of play.
4:24 of 2nd period - Rickard Rakell wins face-off versus Vincent Trocheck in Sewer Rats zone.
4:53 of 2nd period - Snap shot by Martin Frk.
4:53 of 2nd period - Shot Misses the Net.
4:57 of 2nd period - Snap shot by William Karlsson.
4:57 of 2nd period - Stopped by Jake Allen without a rebound.
4:58 of 2nd period - Vincent Trocheck wins face-off versus Tyler Brenner in Atomiques zone.
5:04 of 2nd period - Off-side.
5:05 of 2nd period - Tyler Brenner wins face-off versus Vincent Trocheck in neutral zone.
5:08 of 2nd period - Snap shot by Rasmus Ristolainen.
5:08 of 2nd period - Shot Blocked by Daniel Carr.
5:10 of 2nd period - Snap shot by Kenndal McArdle.
5:10 of 2nd period - Shot Misses the Net.
5:12 of 2nd period - Snap shot by Matt Tennyson.
5:12 of 2nd period - Deflect By Tyler Brenner.
5:12 of 2nd period - Shot Blocked by Matt Lashoff.
5:12 of 2nd period - Puck is out of play.
5:13 of 2nd period - Rickard Rakell wins face-off versus Vincent Trocheck in Sewer Rats zone.
5:14 of 2nd period - Snap shot by Ryan Shannon.
5:14 of 2nd period - Shot Misses the Net.
5:16 of 2nd period - Wrist shot by Dwight King.
5:16 of 2nd period - Stopped by Marek Mazanek without a rebound.
5:17 of 2nd period - Mark Mancari wins face-off versus Rickard Rakell in Sewer Rats zone.
5:23 of 2nd period - Off-side.
5:24 of 2nd period - Dwight King wins face-off versus Vincent Trocheck in neutral zone.
5:32 of 2nd period - Slapshot by Mark Mancari.
5:32 of 2nd period - Stopped by Jake Allen without a rebound.
5:33 of 2nd period - Vincent Trocheck wins face-off versus Rickard Rakell in Atomiques zone.
5:40 of 2nd period - Wrist shot by Vincent Trocheck.
5:40 of 2nd period - Shot Misses the Net.
6:44 of 2nd period - Dwight King is hit by Vincent Trocheck and loses puck.
7:58 of 2nd period - Slapshot by Mark Mancari.
7:58 of 2nd period - Goal by Mark Mancari - Sewer Rats : 4 - Atomiques : 0.
7:58 of 2nd period - Jeff Frazee enters game.
7:59 of 2nd period - Tyler Brenner wins face-off versus Jonathan Marchessault in neutral zone.
8:44 of 2nd period - Snap shot by Bobby Farnham.
8:44 of 2nd period - Goal by Bobby Farnham - Sewer Rats : 4 - Atomiques : 1.
8:45 of 2nd period - Jonathan Marchessault wins face-off versus Tyler Brenner in neutral zone.
9:17 of 2nd period - Wrist shot by Martin Frk.
9:17 of 2nd period - Shot Misses the Net.
9:19 of 2nd period - Snap shot by Anthony Duclair.
9:19 of 2nd period - Deflect By Martin Frk.
9:19 of 2nd period - Shot Misses the Net.
9:19 of 2nd period - Puck is out of play.
9:20 of 2nd period - Tyler Brenner wins face-off versus Jonathan Marchessault in Atomiques zone.
9:20 of 2nd period - Tyler Brenner is hit by Joseph Blandisi.
9:30 of 2nd period - Snap shot by Erik Condra.
9:30 of 2nd period - Deflect By Jonathan Marchessault.
9:30 of 2nd period - Shot Blocked by Kenndal McArdle.
9:30 of 2nd period - Puck is out of play.
9:31 of 2nd period - Jonathan Marchessault wins face-off versus Tyler Brenner in Atomiques zone.
9:46 of 2nd period - Wrist shot by Erik Condra.
9:46 of 2nd period - Shot Misses the Net.
10:39 of 2nd period - Wrist shot by Steven Kampfer.
10:39 of 2nd period - Goal by Steven Kampfer - Sewer Rats : 5 - Atomiques : 1.
10:40 of 2nd period - Vincent Trocheck wins face-off versus Tyler Brenner in neutral zone.
10:43 of 2nd period - Slapshot by Mark Mancari.
10:43 of 2nd period - Stopped by Jeff Frazee with a rebound.
11:46 of 2nd period - Off-side.
11:47 of 2nd period - Nick Cousins wins face-off versus Jacob De La Rose in neutral zone.
11:49 of 2nd period - Off-side.
11:50 of 2nd period - Nick Cousins wins face-off versus Jacob De La Rose in neutral zone.
13:07 of 2nd period - Off-side.
13:08 of 2nd period - Jack Skille wins face-off versus Vincent Trocheck in neutral zone.
13:23 of 2nd period - Wrist shot by Kenndal McArdle.
13:23 of 2nd period - Shot Blocked by Vincent Trocheck.
13:55 of 2nd period - Eric Gustafsson is hit by Martin Frk and loses puck.
14:30 of 2nd period - Snap shot by William Karlsson.
14:30 of 2nd period - Stopped by Jeff Frazee with a rebound.
14:32 of 2nd period - Snap shot by William Karlsson.
14:32 of 2nd period - Shot Misses the Net.
14:34 of 2nd period - Slapshot by John Ramage.
14:34 of 2nd period - Stopped by Jeff Frazee without a rebound.
14:35 of 2nd period - Vincent Trocheck wins face-off versus Jacob De La Rose in Atomiques zone.
14:38 of 2nd period - Snap shot by Vincent Trocheck.
14:38 of 2nd period - Stopped by Jeff Frazee with a rebound.
14:40 of 2nd period - Slapshot by Steven Kampfer.
14:40 of 2nd period - Shot Blocked by Colby Cohen.
14:42 of 2nd period - Snap shot by Steven Kampfer.
14:42 of 2nd period - Stopped by Jeff Frazee without a rebound.
14:43 of 2nd period - Vincent Trocheck wins face-off versus Dwight King in Atomiques zone.
14:44 of 2nd period - Slapshot by Daniel Carr.
14:44 of 2nd period - Deflect By Vincent Trocheck.
14:44 of 2nd period - Stopped by Jeff Frazee with a rebound.
15:24 of 2nd period - Joseph Blandisi is hit by Jack Skille and loses puck.
15:41 of 2nd period - Snap shot by Rasmus Ristolainen.
15:41 of 2nd period - Shot Blocked by Martin Frk.
16:01 of 2nd period - Mark Mancari is hit by Bobby Farnham.
16:21 of 2nd period - Jarred Tinordi is hit by Dwight King and loses puck.
16:47 of 2nd period - Snap shot by William Karlsson.
16:47 of 2nd period - Stopped by Jeff Frazee without a rebound.
16:48 of 2nd period - Tyler Brenner wins face-off versus Anthony Duclair in Atomiques zone.
17:03 of 2nd period - Off-side.
17:04 of 2nd period - Rickard Rakell wins face-off versus Vincent Trocheck in neutral zone.
17:04 of 2nd period - Ryan Shannon is hit by Mark Mancari and loses puck.
17:30 of 2nd period - Minor Penalty to Mark Mancari for Tripping.
17:31 of 2nd period - Rickard Rakell wins face-off versus Nick Cousins in Sewer Rats zone.
17:32 of 2nd period - Snap shot by Ryan Shannon.
17:32 of 2nd period - Shot Misses the Net.
17:34 of 2nd period - Snap shot by Rickard Rakell.
17:34 of 2nd period - Stopped by Marek Mazanek with a rebound.
17:36 of 2nd period - Snap shot by Dwight King.
17:36 of 2nd period - Goal by Dwight King - Sewer Rats : 5 - Atomiques : 2.
17:37 of 2nd period - Daniel Carr wins face-off versus Tyler Brenner in neutral zone.
17:47 of 2nd period - Minor Penalty to Tyler Brenner for Holding.
17:48 of 2nd period - Vincent Trocheck wins face-off versus Dwight King in Atomiques zone.
18:35 of 2nd period - Wiley Sherman is hit by Jonathan Marchessault and loses puck.
18:46 of 2nd period - Snap shot by Jonathan Marchessault.
18:46 of 2nd period - Stopped by Jeff Frazee with a rebound.
18:48 of 2nd period - Slapshot by Matt Lashoff.
18:48 of 2nd period - Deflect By Joseph Blandisi.
18:48 of 2nd period - Stopped by Jeff Frazee with a rebound.
18:50 of 2nd period - Slapshot by Matt Lashoff.
18:50 of 2nd period - Deflect By Erik Condra.
18:50 of 2nd period - Shot Blocked by Colby Cohen.
18:50 of 2nd period - Puck is out of play.
18:51 of 2nd period - Vincent Trocheck wins face-off versus Dwight King in Atomiques zone.
19:47 of 2nd period - Penalty to Tyler Brenner is over, Tyler Brenner is back on ice.
Goals for this period are 3 for Sewer Rats vs 2 for Atomiques.
Shots for this period are 15 for Sewer Rats vs 5 for Atomiques.

3rd period


0:01 of 3rd period - Rickard Rakell wins face-off versus Vincent Trocheck in neutral zone.
0:04 of 3rd period - Snap shot by Rasmus Ristolainen.
0:04 of 3rd period - Shot Blocked by Steven Kampfer.
0:51 of 3rd period - Wrist shot by William Karlsson.
0:51 of 3rd period - Deflect By Martin Frk.
0:51 of 3rd period - Stopped by Jeff Frazee without a rebound.
0:52 of 3rd period - William Karlsson wins face-off versus Rickard Rakell in Atomiques zone.
1:02 of 3rd period - Minor Penalty to Ryan Shannon for High sticking.
1:03 of 3rd period - Dwight King wins face-off versus Vincent Trocheck in Atomiques zone.
1:15 of 3rd period - Wrist shot by Mark Mancari.
1:15 of 3rd period - Shot Blocked by Rasmus Ristolainen.
3:01 of 3rd period - Slapshot by Mark Mancari.
3:01 of 3rd period - Goal by Mark Mancari - Sewer Rats : 6 - Atomiques : 2.
3:02 of 3rd period - Tyler Brenner wins face-off versus Jonathan Marchessault in neutral zone.
3:09 of 3rd period - Wrist shot by Tyler Brenner.
3:09 of 3rd period - Stopped by Marek Mazanek without a rebound.
3:10 of 3rd period - Jonathan Marchessault wins face-off versus Tyler Brenner in Sewer Rats zone.
3:10 of 3rd period - Jonathan Marchessault is hit by Tyler Brenner.
3:46 of 3rd period - Wrist shot by Jonathan Marchessault.
3:46 of 3rd period - Stopped by Jeff Frazee without a rebound.
3:47 of 3rd period - Vincent Trocheck wins face-off versus Rickard Rakell in Atomiques zone.
3:50 of 3rd period - Wrist shot by Daniel Carr.
3:50 of 3rd period - Shot Misses the Net.
4:00 of 3rd period - Matt Lashoff is hit by Ryan Shannon and loses puck.
4:13 of 3rd period - Matt Tennyson is hit by Anthony Duclair and loses puck.
4:33 of 3rd period - Icing by Anthony Nigro.
4:34 of 3rd period - Jacob De La Rose wins face-off versus Nick Cousins in Atomiques zone.
4:34 of 3rd period - Jacob De La Rose is hit by Joel Edmundson.
4:42 of 3rd period - Joel Edmundson is hit by Rasmus Ristolainen and loses puck.
4:58 of 3rd period - Off-side.
4:59 of 3rd period - Rickard Rakell wins face-off versus Jonathan Marchessault in neutral zone.
5:02 of 3rd period - Wrist shot by Ryan Shannon.
5:02 of 3rd period - Stopped by Marek Mazanek with a rebound.
5:14 of 3rd period - Colby Cohen is hit by Matt Lashoff and loses puck.
5:39 of 3rd period - Wrist shot by Jonathan Marchessault.
5:39 of 3rd period - Stopped by Jeff Frazee with a rebound.
5:41 of 3rd period - Snap shot by Jonathan Marchessault.
5:41 of 3rd period - Shot Misses the Net.
5:43 of 3rd period - Snap shot by Joseph Blandisi.
5:43 of 3rd period - Deflect By Erik Condra.
5:43 of 3rd period - Shot Misses the Net.
5:43 of 3rd period - Puck is out of play.
5:44 of 3rd period - Tyler Brenner wins face-off versus Vincent Trocheck in Atomiques zone.
5:52 of 3rd period - Minor Penalty to Ryan Murphy for Roughing.
5:53 of 3rd period - Rickard Rakell wins face-off versus Mark Mancari in Sewer Rats zone.
5:53 of 3rd period - Snap shot by Ryan Shannon.
5:53 of 3rd period - Deflect By Steven Kampfer.
5:53 of 3rd period - Stopped by Marek Mazanek without a rebound.
5:54 of 3rd period - Mark Mancari wins face-off versus Rickard Rakell in Sewer Rats zone.
6:03 of 3rd period - Dwight King is hit by Mark Mancari and loses puck.
6:34 of 3rd period - Wrist shot by Kenndal McArdle.
6:34 of 3rd period - Stopped by Marek Mazanek without a rebound.
6:35 of 3rd period - Rickard Rakell wins face-off versus Mark Mancari in Sewer Rats zone.
6:36 of 3rd period - Slapshot by Rasmus Ristolainen.
6:36 of 3rd period - Shot Blocked by Mark Mancari.
6:36 of 3rd period - Mark Mancari from Sewer Rats is injured at 6:36 of 3rd period (Right Hand).
6:37 of 3rd period - Rickard Rakell wins face-off versus Erik Condra in Sewer Rats zone.
6:42 of 3rd period - Slapshot by Ryan Shannon.
6:42 of 3rd period - Stopped by Marek Mazanek with a rebound.
6:44 of 3rd period - Wrist shot by Rasmus Ristolainen.
6:44 of 3rd period - Shot Blocked by Steven Kampfer.
6:46 of 3rd period - Wrist shot by Rickard Rakell.
6:46 of 3rd period - Stopped by Marek Mazanek without a rebound.
6:47 of 3rd period - Rickard Rakell wins face-off versus Nick Cousins in Sewer Rats zone.
7:02 of 3rd period - Steven Kampfer is hit by Rickard Rakell and loses puck.
7:09 of 3rd period - Wrist shot by Dwight King.
7:09 of 3rd period - Stopped by Marek Mazanek with a rebound.
7:11 of 3rd period - Snap shot by Rickard Rakell.
7:11 of 3rd period - Stopped by Marek Mazanek without a rebound.
7:12 of 3rd period - Nick Cousins wins face-off versus Tyler Brenner in Sewer Rats zone.
7:23 of 3rd period - Slapshot by Rasmus Ristolainen.
7:23 of 3rd period - Shot Blocked by Erik Condra.
7:52 of 3rd period - Penalty to Ryan Murphy is over, Ryan Murphy is back on ice.
8:17 of 3rd period - Wrist shot by Corey Tropp.
8:17 of 3rd period - Shot Misses the Net.
8:19 of 3rd period - Backhand shot by Wiley Sherman.
8:19 of 3rd period - Stopped by Marek Mazanek with a rebound.
8:21 of 3rd period - Wrist shot by Corey Tropp.
8:21 of 3rd period - Shot Misses the Net.
8:35 of 3rd period - Minor Penalty to Daniel Carr for Hooking.
8:36 of 3rd period - Rickard Rakell wins face-off versus Nick Cousins in Sewer Rats zone.
8:37 of 3rd period - Snap shot by Rasmus Ristolainen.
8:37 of 3rd period - Stopped by Marek Mazanek with a rebound.
8:39 of 3rd period - Wrist shot by Rasmus Ristolainen.
8:39 of 3rd period - Shot Blocked by Nick Cousins.
8:41 of 3rd period - Snap shot by Dwight King.
8:41 of 3rd period - Goal by Dwight King - Sewer Rats : 6 - Atomiques : 3.
8:42 of 3rd period - Vincent Trocheck wins face-off versus Rickard Rakell in neutral zone.
8:46 of 3rd period - Slapshot by Matt Lashoff.
8:46 of 3rd period - Deflect By Vincent Trocheck.
8:46 of 3rd period - Goal by Vincent Trocheck - Sewer Rats : 7 - Atomiques : 3.
8:47 of 3rd period - Vincent Trocheck wins face-off versus Rickard Rakell in neutral zone.
8:52 of 3rd period - Snap shot by Vincent Trocheck.
8:52 of 3rd period - Shot Misses the Net.
8:54 of 3rd period - Wrist shot by Daniel Carr.
8:54 of 3rd period - Goal by Daniel Carr - Sewer Rats : 8 - Atomiques : 3.
8:54 of 3rd period - Jake Allen enters game.
8:55 of 3rd period - Vincent Trocheck wins face-off versus Rickard Rakell in neutral zone.
9:04 of 3rd period - Wrist shot by Dwight King.
9:04 of 3rd period - Shot Hit the Post.
9:06 of 3rd period - Wrist shot by Rickard Rakell.
9:06 of 3rd period - Shot Blocked by Steven Kampfer.
9:08 of 3rd period - Wrist shot by Dwight King.
9:08 of 3rd period - Shot Misses the Net.
9:10 of 3rd period - Slapshot by Rasmus Ristolainen.
9:10 of 3rd period - Stopped by Marek Mazanek with a rebound.
9:16 of 3rd period - Minor Penalty to Daniel Carr for High sticking.
9:17 of 3rd period - Dwight King wins face-off versus Nick Cousins in Sewer Rats zone.
9:42 of 3rd period - Tyler Brenner is hit by Erik Condra and loses puck.
11:16 of 3rd period - Penalty to Daniel Carr is over, Daniel Carr is back on ice.
11:17 of 3rd period - Jarred Tinordi is hit by Rickard Rakell and loses puck.
11:25 of 3rd period - Off-side.
11:26 of 3rd period - Anthony Nigro wins face-off versus Nick Cousins in neutral zone.
11:53 of 3rd period - John Draeger is hit by Martin Frk and loses puck.
13:26 of 3rd period - Minor Penalty to Brock McGinn for Interference.
13:27 of 3rd period - Vincent Trocheck wins face-off versus Dwight King in Atomiques zone.
13:37 of 3rd period - Slapshot by Steven Kampfer.
13:37 of 3rd period - Stopped by Jake Allen with a rebound.
14:01 of 3rd period - Slapshot by Jonathan Marchessault.
14:01 of 3rd period - Shot Blocked by Matt Tennyson.
14:03 of 3rd period - Snap shot by Joel Edmundson.
14:03 of 3rd period - Shot Misses the Net.
14:26 of 3rd period - Slapshot by Rickard Rakell.
14:26 of 3rd period - Stopped by Marek Mazanek without a rebound.
14:27 of 3rd period - Jonathan Marchessault wins face-off versus Rickard Rakell in Sewer Rats zone.
14:36 of 3rd period - Colby Cohen is hit by Erik Condra and loses puck.
15:26 of 3rd period - Penalty to Brock McGinn is over, Brock McGinn is back on ice.
15:31 of 3rd period - Snap shot by Corey Tropp.
15:31 of 3rd period - Stopped by Marek Mazanek with a rebound.
16:37 of 3rd period - Slapshot by Anthony Nigro.
16:37 of 3rd period - Deflect By Jack Skille.
16:37 of 3rd period - Stopped by Marek Mazanek with a rebound.
16:56 of 3rd period - Joseph Blandisi is hit by Ryan Shannon and loses puck.
17:09 of 3rd period - Corey Tropp is hit by Dmitrij Jaskin and loses puck.
17:28 of 3rd period - Minor Penalty to Dalton Smith for Holding.
17:29 of 3rd period - Vincent Trocheck wins face-off versus Dwight King in Atomiques zone.
17:29 of 3rd period - Wrist shot by Daniel Carr.
17:29 of 3rd period - Stopped by Jake Allen with a rebound.
17:31 of 3rd period - Snap shot by William Karlsson.
17:31 of 3rd period - Shot Blocked by Colby Cohen.
17:58 of 3rd period - Slapshot by Steven Kampfer.
17:58 of 3rd period - Shot Misses the Net.
18:00 of 3rd period - Slapshot by Steven Kampfer.
18:00 of 3rd period - Stopped by Jake Allen without a rebound.
18:01 of 3rd period - Vincent Trocheck wins face-off versus Rickard Rakell in Atomiques zone.
18:12 of 3rd period - Joel Edmundson is hit by Rasmus Ristolainen and loses puck.
18:19 of 3rd period - Minor Penalty to Joel Edmundson for Cross-checking.
18:20 of 3rd period - William Karlsson wins face-off versus Dwight King in Sewer Rats zone.
18:27 of 3rd period - Slapshot by Rasmus Ristolainen.
18:27 of 3rd period - Shot Blocked by Matt Lashoff.
18:29 of 3rd period - Slapshot by Dwight King.
18:29 of 3rd period - Goal by Dwight King - Sewer Rats : 8 - Atomiques : 4.
18:30 of 3rd period - Dwight King wins face-off versus William Karlsson in neutral zone.
18:33 of 3rd period - Steven Kampfer is hit by Ryan Shannon and loses puck.
18:42 of 3rd period - Slapshot by Steven Kampfer.
18:42 of 3rd period - Shot Misses the Net.
18:44 of 3rd period - Slapshot by Matt Lashoff.
18:44 of 3rd period - Goal by Matt Lashoff - Sewer Rats : 9 - Atomiques : 4.
18:45 of 3rd period - William Karlsson wins face-off versus Dwight King in neutral zone.
19:28 of 3rd period - Penalty to Dalton Smith is over, Dalton Smith is back on ice.
19:38 of 3rd period - Wrist shot by Jack Skille.
19:38 of 3rd period - Goal by Jack Skille - Sewer Rats : 9 - Atomiques : 5.
19:39 of 3rd period - Vincent Trocheck wins face-off versus Tyler Brenner in neutral zone.
19:41 of 3rd period - Off-side.
19:42 of 3rd period - Vincent Trocheck wins face-off versus Tyler Brenner in neutral zone.
Goals for this period are 4 for Sewer Rats vs 3 for Atomiques.
Shots for this period are 10 for Sewer Rats vs 17 for Atomiques.